 Dungeon Sprint DCSS version 0.15-a0-1485-g692b94f (webtiles) character file.

830 PolkaDot the Brawler (level 7, -14/62 HPs)
             Began as a Troll Death Knight on June 14, 2014.
             Was an Elder of Yredelemnul.
             Demolished by a red wasp (shapeshifter) (18 damage)
             ... while paralysed by a red wasp
             ... in the Dungeon (Sprint IX: "|||||||||||||||||||||||||||||").
             The game lasted 00:02:16 (300 turns).

PolkaDot the Brawler (Troll Death Knight)            Turns: 300, Time: 00:02:18

HP -14/62        AC  5     Str 25      XL: 7   Next: 65%
MP   5/5         EV  1     Int 10      God: Yredelemnul [****..]
Gold 0           SH  0     Dex 11      Spells:  0 memorised,  6 levels left

rFire  . . .     SeeInvis .       - Unarmed
rCold  . . .     Clarity  .     o - troll hide
rNeg   . . .     rCorr    .     (shield restricted)
rPois  .         rRot     .     (helmet restricted)
rElec  .         Spirit   .     (no cloak)
SustAb .         Warding  .     (gloves unavailable)
rMut   .         NoTele   +     (boots unavailable)
Gourm  +                        (no amulet)
MR     .....                    n - +3 ring of intelligence
                                m - +3 ring of strength

@: paralysed, lethally poisoned, slowed, not resistant to hostile enchantments,
very unstealthy
A: unfitting armour, claws 3, fast metabolism 3, gourmand, regeneration 2,
saprovore 2, shaggy fur 1, tough skin 2
a: Animate Dead, Recall Undead Slaves, Injury Mirror, Drain Life, Renounce
Religion


You were in the Dungeon.
You worshipped Yredelemnul.
Yredelemnul was greatly pleased with you.
You were not hungry.

You visited 1 branch

Inventory:

Armour
 o - a troll hide (worn)
Magical devices
 l - a wand of draining (7)
Comestibles
 a - 2 meat rations
Scrolls
 h - 2 scrolls of blinking
 j - 3 scrolls of remove curse
 k - 2 scrolls of amnesia
Jewellery
 m - a +3 ring of strength (left claw)
 n - a +3 ring of intelligence (right claw)
Potions
 c - 4 potions of curing
 d - 2 potions of heal wounds
 e - a potion of haste
 f - 4 potions of magic
 g - a potion of berserk rage
 i - a potion of invisibility


   Skills:
 - Level 1.5 Fighting
 - Level 1.2 Dodging
 + Level 15.9 Unarmed Combat
 - Level 2.4 Invocations


You had 6 spell levels left.
You didn't know any spells.

Dungeon Overview and Level Annotations

Branches:
Dungeon (1/1)

Altars:
Cheibriados
Dithmenos
Elyvilon
Fedhas
Gozag
Kikubaaqudgha
Makhleb
Nemelex Xobeh
Okawaru
Qazlal
Sif Muna
Trog
Vehumet
Xom
Yredelemnul
Zin
The Shining One
Beogh
Jiyva
Lugonu


Innate Abilities, Weirdness & Mutations

You are too large for most types of armour.
You have claws for hands.
Your metabolism is lightning-fast.
You like to eat raw meat.
You heal very quickly.
You can eat rotten meat.
You are covered in fur (AC +1).
You have very tough skin (AC +2).


Message History

You miss the red wasp. Your punch misses the red wasp.
The red wasp is moderately wounded.
You feel sick. The red wasp stings you!
You are more poisoned.
You feel as though you will be slow longer.
The red wasp closely misses you.
Drink which item? (? for menu, Esc to quit)
You feel better. The red wasp stings you!
You are poisoned.
You suddenly lose the ability to move!
The red wasp stings you!
You are more poisoned.
You shrug off the repeated paralysis!
You feel very sick. The red wasp stings you!
* * * LOW HITPOINT WARNING * * *
You are more poisoned.
You feel as though you will be slow longer.
The red wasp stings you!!
You die...
Your body rises from the dead as a mindless zombie. ▓▓▓▓▓▓▓▓▓▓▓▓▓▓▓▓▓▓▓▓▓▓▓▓ ..|)[[[..'[..ZZM@yZH...+ ▓▓▓▓▓▓▓▓▓▓▓▓▓▓▓▓▓▓▓▓▓▓▓▓

You could see a manticore, a red wasp, a goblin skeleton, a friendly mummy, a friendly rat zombie and a friendly necrophage skeleton.

Vanquished Creatures
  2 trolls (D)
  A slime creature (D)
  A sky beast (D)
  A necrophage (D)
  A crimson imp (D)
  A worker ant (D)
  A bat zombie (D)
  A hobgoblin (D)
  A quokka (D)
  2 goblins (D)
  A kobold (D)
  A quokka zombie (D)
  4 rats (D)
  A rat skeleton (D)
19 creatures vanquished.

Vanquished Creatures (others)
  A mummy (D)
1 creature vanquished.

Grand Total: 20 creatures vanquished

Notes
Turn   | Place    | Note
--------------------------------------------------------------
     0 | D        | PolkaDot, the Troll Death Knight, began the quest for the Orb.
     0 | D        | Reached XP level 1. HP: 19/19 MP: 1/1
    12 | D        | Acquired Yredelemnul's second power
    12 | D        | Reached skill level 3 in Unarmed Combat
    40 | D        | Noticed a crimson imp
    48 | D        | Acquired Yredelemnul's third power
    48 | D        | Reached skill level 4 in Unarmed Combat
    63 | D        | Reached XP level 2. HP: 24/27 MP: 1/1
   111 | D        | Killed a crimson imp
   111 | D        | Reached skill level 7 in Unarmed Combat
   111 | D        | Reached XP level 3. HP: 30/33 MP: 3/3
   133 | D        | Found a glowing silver altar of Zin.
   133 | D        | Found a glowing golden altar of the Shining One.
   133 | D        | Found an ancient bone altar of Kikubaaqudgha.
   133 | D        | Found a basalt altar of Yredelemnul.
   133 | D        | Found a shimmering altar of Xom.
   133 | D        | Found a radiant altar of Vehumet.
   133 | D        | Found an iron altar of Okawaru.
   134 | D        | Found a burning altar of Makhleb.
   135 | D        | Found a deep blue altar of Sif Muna.
   136 | D        | Found a bloodstained altar of Trog.
   137 | D        | Found a sparkling altar of Nemelex Xobeh.
   138 | D        | Found a white marble altar of Elyvilon.
   139 | D        | Found a roughly hewn altar of Beogh.
   140 | D        | Found a viscous altar of Jiyva.
   141 | D        | Found a corrupted altar of Lugonu.
   142 | D        | Found a blossoming altar of Fedhas.
   143 | D        | Found a snail-covered altar of Cheibriados.
   144 | D        | Found a shadowy altar of Dithmenos.
   145 | D        | Found a stormy altar of Qazlal.
   148 | D        | Found an opulent altar of Gozag.
   177 | D        | Noticed a sky beast
   177 | D        | Noticed a necrophage
   177 | D        | Noticed a troll
   180 | D        | Killed a sky beast
   180 | D        | Reached skill level 10 in Unarmed Combat
   180 | D        | Reached XP level 4. HP: 41/41 MP: 3/3
   189 | D        | Killed a necrophage
   189 | D        | Reached skill level 11 in Unarmed Combat
   189 | D        | Reached XP level 5. HP: 43/48 MP: 3/3
   199 | D        | Killed a troll
   199 | D        | Acquired Yredelemnul's fourth power
   199 | D        | Reached skill level 13 in Unarmed Combat
   199 | D        | Reached XP level 6. HP: 12/55 MP: 1/5
   278 | D        | Noticed a slime creature
   278 | D        | Noticed a troll
   278 | D        | Noticed a worker ant
   278 | D        | Noticed a red wasp
   278 | D        | Noticed a manticore
   285 | D        | Killed a slime creature
   285 | D        | Reached skill level 14 in Unarmed Combat
   285 | D        | Reached XP level 7. HP: 33/62 MP: 5/5
   285 | D        | Received a gift from Yredelemnul
   288 | D        | Killed a troll
   288 | D        | Reached skill level 15 in Unarmed Combat
   294 | D        | Killed a worker ant
   294 | D        | Received a gift from Yredelemnul
   299 | D        | Paralysed by a red wasp for 2 turns
   300 | D        | Demolished by a red wasp (shapeshifter)

Action                   |  1- 3 |  4- 6 |  7- 9 || total
-------------------------+-------+-------+-------++-------
Melee: Unarmed           |    55 |    24 |    10 ||    89
Invok: Animate Dead      |       |     1 |       ||     1
  Use: Potion            |       |       |     2 ||     2
